 Dungeon Sprint DCSS version 0.27-a0-1149-g4505690ab0 (webtiles) character file.

Game seed: 14716386283025780957

7 Zeld the Insei (level 2, -3/18 HPs)
             Began as an Octopode Transmuter on May 13, 2021.
             Was an Initiate of Fedhas.
             Slain by a wight
             ... wielding a +0 battleaxe
              (21 damage)
             ... in the Dungeon (Sprint V: "Ziggurat Sprint").
             The game lasted 00:01:17 (194 turns).

Zeld the Insei (Octopode Transmuter)                 Turns: 194, Time: 00:01:18

Health: -3/18      AC:  1    Str: 21    XL:     2   Next: 0%
Magic:  5/5        EV: 13    Int: 27    God:    Fedhas [......]
Gold:   0          SH:  0    Dex: 12    Spells: 2/5 levels left

rFire    . . .     SeeInvis .     - Unarmed
rCold    . . .     Faith    .   (no shield)
rNeg     . . .     Spirit   .   (helmet restricted)
rPois    .         Reflect  .   (no amulet)
rElec    .         Harm     .   u - +6 ring of strength
rCorr    .         Rampage  .   t - +6 ring of strength
Will     .....     NoTele   +   s - +6 ring of intelligence
Stlth    ++........             r - +6 ring of intelligence
HPRegen  0.06/turn              (no ring)
MPRegen  0.09/turn              (no ring)
                                (no ring)
                                (no ring)

@: no status effects
A: almost no armour, amphibious, 8 rings, camouflage 1, gelatinous body 1,
(nimble swimmer 1), tentacles
a: Renounce Religion


You were in the Dungeon.
You worshipped Fedhas.
Fedhas was noncommittal.
You visited 1 branch

Inventory:

Jewellery
 r - a +6 ring of intelligence (on tentacle)
 s - a +6 ring of intelligence (on tentacle)
 t - a +6 ring of strength (right tentacle)
 u - a +6 ring of strength (left tentacle)
Wands
 v - a wand of mindburst (7)
 w - a wand of iceblast (6)
 x - a wand of acid (7)
Scrolls
 g - 4 scrolls of blinking
 l - 4 scrolls of amnesia
 m - 7 scrolls of fog
 n - a scroll of holy word
 o - 5 scrolls of identify
 p - 2 scrolls of fear
Potions
 a - 2 potions of brilliance
 b - 10 potions of curing
 c - 10 potions of heal wounds
 d - 6 potions of haste
 e - 7 potions of magic
 f - 3 potions of berserk rage
 h - 2 potions of invisibility
 i - 4 potions of resistance
 k - 5 potions of might
Miscellaneous
 q - a lightning rod (3/4)


   Skills:
 + Level 1.0 Fighting
 - Level 0.8(1.0) Short Blades
 - Level 0.8(1.0) Long Blades
 - Level 0.8(1.3) Axes
 - Level 1.2(1.9) Maces & Flails
 - Level 0.8(1.6) Polearms
 - Level 1.8(2.1) Staves
 - Level 0.8(1.0) Slings
 - Level 0.8 Bows
 - Level 1.2 Crossbows
 - Level 0.8(1.0) Throwing
 + Level 2.2 Dodging
 - Level 0.8 Shields
 - Level 3.0 Unarmed Combat
 + Level 2.2 Spellcasting
 - Level 1.4 Conjurations
 - Level 0.8 Hexes
 - Level 1.3 Summonings
 - Level 0.8 Necromancy
 - Level 0.8 Translocations
 * Level 3.0 Transmutations
 - Level 0.8 Fire Magic
 - Level 1.2 Ice Magic
 - Level 0.8 Air Magic
 - Level 0.8 Earth Magic
 - Level 1.0 Poison Magic
 * Level 1.7 Invocations
 - Level 1.0 Evocations


You had 2 spell levels left.
You knew the following spells:

 Your Spells              Type           Power      Damage    Failure   Level
a - Beastly Appendage     Tmut           38%        N/A       2%          1
b - Wereblood             Tmut           19%        N/A       4%          2

Your spell library contained the following spells:

 Spells                   Type           Power      Damage    Failure   Level
 Spider Form              Tmut/Pois      7%         N/A       12%         3
 Ice Form                 Ice/Tmut       14%        N/A       36%         4
 Hydra Form               Tmut           9%         N/A       58%         5


Dungeon Overview and Level Annotations

Branches:
Dungeon (1/1)

Altars:
Ashenzari
Cheibriados
Dithmenos
Elyvilon
Fedhas
Gozag
Hepliaklqana
Kikubaaqudgha
Makhleb
Nemelex Xobeh
Okawaru
Qazlal
Ru
Sif Muna
Trog
Uskayaw
Vehumet
Wu Jian
Xom
Yredelemnul
Zin
The Shining One
Beogh
Jiyva
Lugonu

Annotations:
D 1 transporter


Innate Abilities, Weirdness & Mutations

You cannot wear most types of armour.
You are amphibious.
You can wear up to eight rings at the same time.
Your skin changes colour to match your surroundings (Stealth+).
Your rubbery body absorbs attacks. (AC +1, EV +1)
((You are camouflaged near water. (Stealth+)))
You have tentacles for arms and can constrict up to eight enemies at once.


Message History

Things that are here:
a ring of flight; a +6 ring of dexterity; a +6 ring of dexterity You feel stronger.
u - a +6 ring of strength (left tentacle)
You feel stronger.
t - a +6 ring of strength (right tentacle)
You feel clever.
s - a +6 ring of intelligence (on tentacle)
You feel clever.
r - a +6 ring of intelligence (on tentacle)
You start waiting.
You start waiting.
Okay, then.
There is a transporter here.
Welcome to arena 1.
You enter the transporter and appear at another place. 2 wights come into view.
Found a +3 great sword of electrocution and a +3 dagger of draining.
Found a transporter.
Unknown command.
Aiming: Iceblast
Press: ? - help, Shift-Dir - straight line The mass of ice explodes!
The iceblast engulfs the wight!
The wight partially resists.
The wight is almost destroyed.
The iceblast engulfs the wight!
The wight partially resists.
The wight is severely damaged.
Unknown command.
Aiming: Thunderbolt
Press: ? - help, Shift-Dir - straight line, f - wight
Aim: a wight, wielding a +3 spear and wearing a +0 robe (severely damaged)
The thunderbolt hits the wight!
You destroy the wight!
Fedhas accepts your kill.
The thunderbolt hits the wight.
The wight is almost destroyed.
The wight hits you with a +0 battleaxe!!
Ouch! That really hurt!
You die...
Fedhas appreciates your contribution to the ecosystem.

▓▓▓▓▓▓▓
▓.8©8.▓
▓.....▓
▓.).).▓
▓..)..▓
▓..z..▓
▓..@..▓
▓▓▓▓▓▓▓


You could see a wight.

Vanquished Creatures
  A wight (D)
1 creature vanquished.

Notes
Turn   | Place    | Note
-------+----------+-------------------------------------------
     0 | D        | Zeld the Octopode Transmuter began the quest for the Orb.
     0 | D        | Reached XP level 1. HP: 13/13 MP: 3/3
     0 | D        | Found a shimmering blue altar of Sif Muna.
     0 | D        | Found a sacrificial altar of Ru.
     0 | D        | Found a bloodstained altar of Trog.
     0 | D        | Found a stormy altar of Qazlal.
     0 | D        | Found an iron altar of Okawaru.
     0 | D        | Found a sparkling altar of Nemelex Xobeh.
     0 | D        | Found a blossoming altar of Fedhas.
     1 | D        | Found the +6 Majin-Bo {vamp, MP+6 Int+6}
     1 | D        | Found the +9 heavy crossbow "Sniper" {vorpal, Acc+∞ SInv}
     1 | D        | Found the +10 dark maul {vorpal}
     1 | D        | Found the +15 Maxwell's patent armour {-Cast -Tele rElec
                  | Will+ rCorr}
     1 | D        | Found the +18 shield of the Gong {rElec rN+ Will+ EV-5}
     1 | D        | Found the +14 obsidian axe {vorpal, Drain Fly SInv}
     1 | D        | Found the +7 great mace "Firestarter" {inner flame, rF++}
     1 | D        | Found the +6 shillelagh "Devastator" {shatter}
     1 | D        | Found the +11 plutonium sword {Contam Stlth-}
     1 | D        | Found the +8 lance "Wyrmbane" {slay drac, rPois rF+ rC+
                  | AC+3}
     1 | D        | Found the +9 sword of Zonguldrok {reap}
     1 | D        | Found the +13 scythe of Curses {drain, Drain}
     1 | D        | Found the +5 sword of Power {vorpal}
     1 | D        | Found the +7 mace of Variability {chain chaos}
     1 | D        | Found the +7 Singing Sword {vorpal, sonic wave}
     1 | D        | Found the +8 storm bow {elec, penet}
     2 | D        | Found a transporter.
     2 | D        | Found an ancient bone altar of Kikubaaqudgha.
     2 | D        | Found a viscous altar of Jiyva.
     2 | D        | Found a corrupted altar of Lugonu.
     2 | D        | Found a hazy altar of Hepliaklqana.
     2 | D        | Found a burning altar of Makhleb.
     2 | D        | Found an opulent altar of Gozag.
    15 | D        | Became a worshipper of Fedhas Madash
    38 | D        | Reached skill level 1 in Maces & Flails
    38 | D        | Reached skill level 1 in Staves
    38 | D        | Reached skill level 1 in Crossbows
    38 | D        | Reached skill level 1 in Conjurations
    38 | D        | Reached skill level 1 in Summonings
    38 | D        | Reached skill level 1 in Ice Magic
    38 | D        | Reached skill level 1 in Poison Magic
    38 | D        | Reached skill level 1 in Invocations
    38 | D        | Reached skill level 1 in Evocations
    38 | D        | Reached XP level 2. HP: 18/18 MP: 5/5
    47 | D        | Learned a level 2 spell: Wereblood
   192 | D        | Entered arena 2.
   192 | D        | Noticed a wight
   192 | D        | Noticed a wight
   192 | D        | Found a transporter.
   194 | D        | Killed a wight
   194 | D        | Slain by a wight

Illustrated notes

Levels and vault maps discovered:
D:        sprint_v [room_start, room_1, room_2, room_3, room_4, room_5, room_6,
          room_7, room_8, room_9, room_10, room_11, room_12, room_13, room_14,
          room_15, room_16, room_17, room_18, room_19, room_20, room_21,
          room_22, room_23, room_24, room_25, room_26, room_27]

Skill      XL: |  1 |
---------------+----+-----
Maces & Flails | 1 |  1.2
Staves         | 1 |  1.8
Crossbows      | 1 |  1.2
Conjurations   | 1 |  1.4
Summonings     | 1 |  1.3
Transmutations | 3 |  3.0
Ice Magic      | 1 |  1.2
Poison Magic   | 1 |  1.0
Invocations    | 1 |  1.7
Evocations     | 1 |  1.0
Fighting       | |  1.0
Short Blades   | |  0.8
Long Blades    | |  0.8
Axes           | |  0.8
Polearms       | |  0.8
Slings         | |  0.8
Bows           | |  0.8
Throwing       | |  0.8
Dodging        | |  2.2
Shields        | |  0.8
Unarmed Combat | |  3.0
Spellcasting   | |  2.2
Hexes          | |  0.8
Necromancy     | |  0.8
Translocations | |  0.8
Fire Magic     | |  0.8
Air Magic      | |  0.8
Earth Magic    | |  0.8

Action                   || total
-------------------------++-------
Evoke: Wand              ||     1
       Lightning rod     ||     1
  Use: Potion            ||     1

Table legend: (Time is in decaauts)
 A = Elapsed time spent in this place.
 B = Non-inter-level travel time spent in this place.
 C = Inter-level travel time spent in this place.
 D = Time resting spent in this place.
 E = Time spent auto-exploring this place.
 F = Levels seen in this place.
 G = Mean time per level.
                   A        B        C        D        E       F      G
               +--------+--------+--------+--------+--------+-----+--------+
         Total |    192 |    192 |      0 |    121 |      0 |   1 |  192.0 |
       Dungeon |    192 |    192 |      0 |    121 |      0 |   1 |  192.0 |
               +--------+--------+--------+--------+--------+-----+--------+

Top non-repeatable levels by time:
       D: 192 daAuts
